 Dungeon Crawl Stone Soup version 0.30-a0-42-g806c11bf1d (webtiles) character file.

Game seed: 8950885299430235878

2100 Newt the Cutter (level 9, -9/69 HPs)
             Began as a Demonspawn Gladiator on Aug 30, 2022.
             Was an Initiate of Gozag.
             Mangled by a two-headed ogre
             ... wielding a +0 giant club
              (27 damage)
             ... on level 8 of the Dungeon.
             The game lasted 00:09:48 (11360 turns).

Newt the Cutter (Demonspawn Gladiator)             Turns: 11360, Time: 00:09:49

Health: -9/69      AC:  7    Str: 22    XL:     9   Next: 7%
Magic:  9/9        EV: 19    Int:  9    God:    Gozag
Gold:   719        SH: 11    Dex: 22    Spells: 8/8 levels left

rFire   . . .      SeeInvis .    E - +2 long sword (freeze)
rCold   . . .      Faith    .    D - +0 kite shield
rNeg    . . .      Spirit   .    r - +1 leather armour {rPois}
rPois   +          Reflect  .    A - +2 helmet
rElec   .          Harm     .    (no cloak)
rCorr   .          Rampage  .    (no gloves)
Will    .....                    (no boots)
Stlth   ++++......               (no amulet)
HPRegen 0.21/turn                y - +6 ring of strength
MPRegen 0.11/turn                q - ring of poison resistance

@: agile, gold aura
A: claws 1, thin skeletal structure 2, powered by pain 2
a: Renounce Religion, Potion Petition, Call Merchant, Bribe Branch


You were on level 8 of the Dungeon.
You worshipped Gozag.
Gozag was pleased with you.
You visited 1 branch of the dungeon, and saw 8 of its levels.

You collected 817 gold pieces.
You spent 30 gold pieces at shops.
You paid 68 gold pieces to Gozag.

Inventory:

Hand Weapons
 a - a +1 rapier
 E - a +2 long sword of freezing (weapon)
Missiles
 e - a javelin
 t - 15 poisoned darts (quivered)
 x - 3 boomerangs
Armour
 b - a +0 leather armour
 c - a +0 helmet
 h - a +1 helmet
 r - a +1 leather armour of poison resistance (worn)
 A - a +2 helmet (worn)
 D - a +0 kite shield (worn)
Jewellery
 k - an amulet of faith
 o - a +6 ring of intelligence
 q - a ring of poison resistance (right claw)
 s - a ring of magical power
 v - a ring of willpower
 y - a +6 ring of strength (left claw)
 C - a ring of wizardry
Wands
 l - a wand of quicksilver (3)
 z - a wand of digging (8)
Scrolls
 d - a scroll of enchant weapon
 g - 6 scrolls of teleportation
 u - a scroll of torment {unknown}
Potions
 f - 4 potions of curing
 i - 2 potions of flight
 j - a potion of heal wounds {unknown}
 m - a potion of brilliance
 n - 3 potions of lignification
 p - 2 potions of resistance {unknown}
 w - 3 potions of attraction
 B - a potion of haste


   Skills:
 - Level 6.0 Fighting
 - Level 6.0 Short Blades
 - Level 1.7 Throwing
 - Level 6.0 Dodging
 - Level 2.0 Stealth
 + Level 5.3 Shields


You had 8 spell levels left.
You didn't know any spells.
Your spell library contained the following spells:

 Spells                   Type           Power      Damage    Failure   Level
 Blink                    Tloc           0%         N/A       90%         2
 Ignite Poison            Fire/Tmut/Pois 0%         N/A       99%         3
 Lesser Beckoning         Tloc           0%         N/A       99%         3
 Mephitic Cloud           Conj/Pois/Air  0%         N/A       99%         3
 Portal Projectile        Hex/Tloc       0%         N/A       99%         3
 Tukima's Dance           Hex            0%         N/A       99%         3
 Passage of Golubria      Tloc           0%         N/A       100%        4
 Blade Hands              Tmut           0%         N/A       100%        5
 Freezing Cloud           Conj/Ice/Air   0%         6-21      100%        5
 Manifold Assault         Tloc           0%         N/A       100%        5
 Silence                  Hex/Air        0%         N/A       100%        5
 Lehudib's Crystal Spear  Conj/Erth      0%         10d2      100%        8


Dungeon Overview and Level Annotations

Branches:
Dungeon (8/15)             Temple (0/1) D:4            Lair (0/5) D:8

Altars:
Cheibriados
Dithmenos
Gozag
Okawaru
Qazlal
Trog
Xom
Lugonu

Shops:
D:2 :[!:

Portals:
Abyss: D:6

Annotations:
D:6 3 runed translucent doors, crescentfresh's ghost, novice OpVM


Innate Abilities, Weirdness & Mutations

You have sharp fingernails.
You have a moderately thin skeletal structure. (Dex +4, Stealth++)
You sometimes gain power by taking damage.


Message History

The orc wizard shouts!
The orc shouts!
The orc attacks as you move away! The orc hits you but does no damage.
The orc attacks as you move away! You block the orc's attack.
You slash the orc! You freeze the orc.
You kill the orc!
The orc wizard is distracted by your dazzling golden aura.
The orc wizard shouts!
You hit the two-headed ogre. You freeze the two-headed ogre.
The two-headed ogre is lightly wounded.
The two-headed ogre completely misses you.
You block the two-headed ogre's attack.
The ice beast is distracted by your dazzling golden aura.
You slash the two-headed ogre! You freeze the two-headed ogre.
The two-headed ogre is moderately wounded.
The two-headed ogre completely misses you.
The two-headed ogre hits you with a +0 giant club!
You closely miss the two-headed ogre.
The two-headed ogre is moderately wounded.
The ice beast is no longer distracted by gold.
The orc wizard is no longer distracted by gold.
The two-headed ogre is distracted by your dazzling golden aura.
The two-headed ogre shouts in stereo!
You hit the two-headed ogre. You freeze the two-headed ogre.
The two-headed ogre is no longer distracted by gold.
The two-headed ogre is moderately wounded.
You block the two-headed ogre's attack. The two-headed ogre closely misses you.
You block the orc's attack.
Unknown command.
You hit the orc. You freeze the orc.
You kill the orc!
The two-headed ogre completely misses you.
The two-headed ogre hits you with a +0 giant club!
Unknown command.
You slash the two-headed ogre! You freeze the two-headed ogre.
The two-headed ogre is severely wounded.
The two-headed ogre hits you with a +0 giant club!
* * * LOW HITPOINT WARNING * * *
The two-headed ogre hits you with a +0 giant club!!
You die...
Your body crumbles into a pile of gold.

.................
#..............
.######[$.......>..)
..................#
.#####.............
#...##...####
##...##o.$o.#
#######....##O#$......
.........####@#.......
.........# #.Y.......
........## ##........
........## ##........
.........## #.........
..........# #...####..
#########.###.#..#
#..##.#..# ##..#.#..#


You could see a two-headed ogre, an ice beast and an orc wizard.

Vanquished Creatures
  4 yaks (D:7)
  A steam dragon (D:6)
  Edmund (D:5)
  A water moccasin (D:5)
  5 phantoms
  A necrophage (D:4)
  A bullfrog (D:8)
  A scorpion (D:6)
  4 howler monkeys
  2 hounds
  3 iguanas
  2 orc wizards
  11 gnolls
  6 adders
  A shadow imp (D:7)
  2 white imps
  3 ufetubi
  3 dart slugs
  15 orcs
  6 ball pythons
  3 bats
  3 endoplasms
  5 giant cockroaches
  8 goblins
  5 hobgoblins
  6 jackals
  7 quokkas
  5 kobolds
  6 rats
121 creatures vanquished.

Vanquished Creatures (others)
  An orc wizard (D:3)
  2 lurking horrors (D:6)
3 creatures vanquished.

Grand Total: 124 creatures vanquished

Notes
Turn   | Place    | Note
-------+----------+-------------------------------------------
     0 | D:1      | Newt the Demonspawn Gladiator began the quest for the Orb.
     0 | D:1      | Reached XP level 1. HP: 16/16 MP: 1/1
    79 | D:1      | Reached skill level 1 in Stealth
   164 | D:1      | Gained mutation: You sometimes gain a little power by
                  | taking damage. [demonic ancestry]
   164 | D:1      | Reached XP level 2. HP: 20/22 MP: 2/2
   934 | D:2      | Found Qogen's Armour Shoppe.
   941 | D:2      | Found Cocikud's Distillery.
   968 | D:2      | Bought a potion of curing for 30 gold pieces
   970 | D:2      | Found Omijo's Book Emporium.
  1057 | D:2      | Found a shimmering altar of Xom.
  1127 | D:2      | Reached XP level 3. HP: 15/28 MP: 3/3
  1545 | D:2      | Found Keopugh's Book Shoppe.
  1643 | D:2      | Found Cotraw's Distillery.
  2022 | D:3      | Gained mutation: You have sharp fingernails. [demonic
                  | ancestry]
  2022 | D:3      | Reached XP level 4. HP: 34/37 MP: 4/4
  3400 | D:3      | Found a snail-covered altar of Cheibriados.
  3401 | D:3      | Found an iron altar of Okawaru.
  3402 | D:3      | Found an opulent altar of Gozag.
  3402 | D:3      | Found a stormy altar of Qazlal.
  3436 | D:3      | Became a worshipper of Gozag Ym Sagoz the Greedy
  3467 | D:4      | Gained mutation: You have a somewhat thin skeletal
                  | structure. (Dex +2, Stealth+) [demonic ancestry]
  3467 | D:4      | Reached XP level 5. HP: 34/42 MP: 5/5
  4199 | D:4      | Noticed a phantom
  4225 | D:4      | Killed a phantom
  4486 | D:3      | Gained mutation: You sometimes gain power by taking damage.
                  | [demonic ancestry]
  4486 | D:3      | Reached XP level 6. HP: 9/48 MP: 6/6
  4496 | D:3      | Reached skill level 5 in Short Blades
  5024 | D:4      | Found a staircase to the Ecumenical Temple.
  5533 | D:5      | Entered Level 5 of the Dungeon
  5863 | D:5      | Reached XP level 7. HP: 38/54 MP: 7/7
  5966 | D:5      | Noticed Edmund
  6004 | D:5      | HP: 1/81 [Edmund/+0 flail of protection (5)]
  6010 | D:5      | Killed Edmund
  6698 | D:5      | Found a shadowy altar of Dithmenos.
  7153 | D:5      | Reached skill level 5 in Dodging
  7856 | D:6      | Gained mutation: You have a moderately thin skeletal
                  | structure. (Dex +4, Stealth++) [demonic ancestry]
  7856 | D:6      | Reached XP level 8. HP: 58/60 MP: 8/8
  7944 | D:6      | Reached skill level 5 in Fighting
  8528 | D:6      | Found a bloodstained altar of Trog.
  8557 | D:6      | Found a runed translucent gate.
  8558 | D:6      | Found a runed translucent gate.
  8558 | D:6      | Found an opulent altar of Gozag.
  8559 | D:6      | Found a runed translucent gate.
  8561 | D:6      | Noticed crescentfresh's ghost (novice OpVM)
  8561 | D:6      | Noticed a cyclops
  8657 | D:6      | Found a corrupted altar of Lugonu.
  8660 | D:6      | Found a one-way gate to the infinite horrors of the Abyss.
  9563 | D:7      | Reached skill level 1 in Shields
  9569 | D:7      | HP: 3/64 [yak (11)]
 10774 | D:7      | Reached skill level 5 in Shields
 10774 | D:7      | Reached XP level 9. HP: 63/69 MP: 9/9
 11298 | D:8      | Found a staircase to the Lair.
 11345 | D:8      | Noticed a two-headed ogre
 11360 | D:8      | Mangled by a two-headed ogre

Illustrated notes

Levels and vault maps discovered:
D:1:      onia_arrival_mini_spirals, layout_loops_ring, minmay_tetromino_o2
D:2:      layout_rooms, basic_altar, serial_shops, shop, shop, shop, shop, shop,
          minmay_hedge_maze
D:3:      layout_loops_ring, mainiacjoe_overflow_alcove_3, st_stairs_4
D:4:      layout_cave_pools, minmay_temple_entry_trees
D:5:      layout_cave_pools, grunt_dithmenos_smoke_and_mirrors, uniq_edmund
D:6:      layout_loops_ring, trog_three_pillars_becter, elyvilon_altar_4,
          ebering_ghost_gozag, grunt_decor_fettered,
          amcnicky_altar_lugonu_corruption
D:7:      layout_basic, minmay_misc_feat_alley, chequers_serial_rivers_micro_b
D:8:      layout_rooms, mainiacjoe_overflow_small_starburst, lair_entry_dummy,
          nicolae_elevator_lobby_plus

Skill      XL: |  1  2  3  4  5  6  7  8 |
---------------+-------------------------+-----
Stealth        | 1 2 |  2.0
Fighting       | 3 4 6 |  6.0
Short Blades   | 3 4 6 |  6.0
Dodging        | 3 6 |  6.0
Shields        | 5 |  5.3
Throwing       | |  1.7

Action                   |  1- 3 |  4- 6 |  7- 9 || total
-------------------------+-------+-------+-------++-------
Melee: Rapier            |   121 |   240 |   254 ||   615
       Punch             |     3 |       |     3 ||     6
       Long sword        |       |       |    21 ||    21
Throw: Throwing net      |       |     3 |     2 ||     5
       Dart              |       |       |     5 ||     5
       Javelin           |       |       |     1 ||     1
       Boomerang         |       |       |     1 ||     1
  Use: Scroll            |     4 |     4 |     2 ||    10
       Potion            |       |     2 |     5 ||     7
 Stab: Sleeping          |     9 |     3 |    13 ||    25
Armor: Leather armour    |    27 |    71 |    50 ||   148
       Skin              |       |       |    12 ||    12
Dodge: Dodged            |    66 |   157 |   137 ||   360
Block: Kite shield       |       |       |    56 ||    56

Table legend: (Time is in decaauts)
 A = Elapsed time spent in this place.
 B = Non-inter-level travel time spent in this place.
 C = Inter-level travel time spent in this place.
 D = Time resting spent in this place.
 E = Time spent auto-exploring this place.
 F = Levels seen in this place.
 G = Mean time per level.
                   A        B        C        D        E       F      G
               +--------+--------+--------+--------+--------+-----+--------+
         Total |  11351 |  11067 |    284 |   4338 |   5293 |   8 | 1418.9 |
       Dungeon |  11351 |  11067 |    284 |   4338 |   5293 |   8 | 1418.9 |
               +--------+--------+--------+--------+--------+-----+--------+

Top non-repeatable levels by time:
     D:3: 2528 daAuts
     D:5: 1918 daAuts
     D:7: 1834 daAuts
     D:6: 1671 daAuts
     D:4: 1525 daAuts
     D:1: 936 daAuts
     D:2: 815 daAuts
     D:8: 120 daAuts
